 Dungeon Crawl Stone Soup version 0.16.2-12-gd0ad4c3 (webtiles) character file.

191 dvd the Changer (level 5, 0/38 HPs)
             Began as a Merfolk Transmuter on Sept 19, 2015.
             Was an Initiate of Qazlal.
             Slain by a vampire bat (1 damage)
             ... on level 3 of the Dungeon.
             The game lasted 00:21:58 (4499 turns).

dvd the Changer (Merfolk Transmuter)                Turns: 4499, Time: 00:21:59

Health: 0/38       AC:  2    Str: 10    XL:     5   Next: 70%
Magic:  11/11      EV: 14    Int: 14    God:    Qazlal [......]
Gold:   152        SH:  0    Dex: 14    Spells: 3 memorised, 4 levels left

rFire  . . .     SeeInvis .       - Unarmed
rCold  . . .     Clarity  .     c - +0 robe
rNeg   . . .     SustAb   .     (no shield)
rPois  .         Gourm    .     (helmet restricted)
rElec  .         Spirit   .     (no cloak)
rCorr  .         Warding  .     (no gloves)
rMut   .         Stasis   .     (no boots)
MR     .....                    (no amulet)
Stlth  ++........               (no ring)
                                (no ring)

@: appendage (expiring), not resistant to hostile enchantments, unstealthy
A: change form in water, swift swim, horns 2
a: End Transformation, Renounce Religion


You were on level 3 of the Dungeon.
You worshipped Qazlal.
Qazlal was noncommittal.
You were hungry.
You had grown temporary horns.
You visited 1 branch of the dungeon, and saw 3 of its levels.

You collected 152 gold pieces.

Inventory:

Hand weapons
 a - a +2 dagger of venom
Missiles
 b - 72 arrows
Armour
 c - a +0 robe (worn)
 e - a +0 robe
Jewellery
 m - an uncursed ring of teleportation
Scrolls
 g - a scroll of recharging
 h - 3 scrolls of identify
 n - a scroll of enchant weapon
Potions
 i - a potion of heal wounds {unknown}
 j - a potion of flight
 o - a potion of haste {unknown}
 q - a potion of poison {unknown}
 t - a potion of restore abilities {unknown}
 u - a potion of experience {unknown}
 v - a potion of berserk rage {unknown}
Books
 d - a book of Changes

   Spells                             Type                      Level
   a - Beastly Appendage              Transmutation                1
   b - Sticks to Snakes               Transmutation                2
   c - Spider Form                    Transmutation/Poison         3
   d - Ice Form                       Ice/Transmutation            4
   e - Blade Hands                    Transmutation                5
Comestibles
 p - 3 bread rations
 r - 4 meat rations
 s - a beef jerky
 w - a slice of pizza
 x - 2 chunks of flesh


   Skills:
 + Level 1.9 Fighting
 + Level 0.2 Short Blades
 + Level 4.0 Dodging
 + Level 1.0 Stealth
 + Level 4.1 Unarmed Combat
 + Level 3.1 Spellcasting
 + Level 4.2 Transmutations


You had 4 spell levels left.
You knew the following spells:

 Your Spells              Type           Power        Failure   Level  Hunger
a - Beastly Appendage     Trmt           ##....       3%          1    #......
b - Sticks to Snakes      Trmt           ##........   6%          2    ##.....
c - Spider Form           Trmt/Pois      #.........   30%         3    ###....


Dungeon Overview and Level Annotations

Branches:
Dungeon (3/15)

Altars:
Kikubaaqudgha
Qazlal
Vehumet


Innate Abilities, Weirdness & Mutations

You revert to your normal form in water.
You are very nimble and swift while swimming.
You have a pair of horns on your head.


Message History

The bat zombie misses you.
The vampire bat bites you but does no damage.
The bat skeleton hits you but does no damage.
The bat zombie barely misses you.
The bat skeleton hits you but does no damage.
You barely miss the vampire bat. Your headbutt misses the vampire bat.
The vampire bat bites you but does no damage.
The bat zombie closely misses you. The bat skeleton misses you.
The bat zombie completely misses you. The bat skeleton hits you.
* * * LOW HITPOINT WARNING * * *
The bat zombie hits you but does no damage.
The bat skeleton misses you. The vampire bat completely misses you.
The vampire bat bites you but does no damage.
The bat skeleton hits you but does no damage.
Unknown command.
You hit the vampire bat. You headbutt the vampire bat.
The vampire bat is almost destroyed.
The bat skeleton hits you but does no damage.
The bat skeleton barely misses you. The vampire bat bites you.
You die...

############.# *#####,*,*,**
.............# *#...#Z⌠,*,⌠,**
#...############.#.#.#.#,#.#,**
....# ###.⌠.#.⌠.#.⌠.#..,* .####
#.'..#.#.#.#.#.⌠.⌠*
.############.'.#.⌠.#.⌠.#..._.*
..÷...........'..#.#.#.#.#.⌠.⌠*
.##############b⌠Z#Z⌠.#.⌠.#,,,*
.# *********##@#.#.#.#.#,*,**
.# *,,,,,,,* ##ZZ.#.⌠.#,⌠,** .#
*,,,,,,,* ######.#.#,**
.#****,,,,,,,* #####**
..,,,,,,,,,,,* ##****,,,,,,,*
****,*,******* ,,,,,*,*
**,,,*,*


You could see a vampire bat, a bat zombie and 2 bat skeletons.

Vanquished Creatures
  A vampire bat (D:3)
  6 adders
  A worm (D:2)
  3 giant geckos
  An ooze (D:3)
  2 orcs (D:3)
  A bat zombie (D:3)
  2 giant cockroaches
  14 goblins
  7 hobgoblins
  A quokka (D:2)
  4 bats
  4 giant newts
  2 jackals (D:3)
  2 kobolds (D:2)
  8 rats
59 creatures vanquished.

Vanquished Creatures (collateral kills)
  3 gnolls (D:3)
  An adder (D:2)
  2 orcs (D:3)
  A giant cockroach (D:2)
  A hobgoblin (D:2)
  A quokka (D:2)
  2 kobolds (D:2)
11 creatures vanquished.

Grand Total: 70 creatures vanquished

Notes
Turn   | Place    | Note
--------------------------------------------------------------
     0 | D:1      | dvd, the Merfolk Transmuter, began the quest for the Orb.
     0 | D:1      | Reached XP level 1. HP: 15/15 MP: 3/3
   290 | D:1      | Reached XP level 2. HP: 4/21 MP: 2/4
   592 | D:1      | Learned a level 2 spell: Sticks to Snakes
  1200 | D:1      | Reached skill level 4 in Unarmed Combat
  1241 | D:1      | Reached XP level 3. HP: 8/26 MP: 4/6
  2007 | D:2      | Learned a level 3 spell: Spider Form
  2534 | D:2      | Reached XP level 4. HP: 8/32 MP: 6/8
  3355 | D:2      | Found a radiant altar of Vehumet.
  3355 | D:2      | Found a stormy altar of Qazlal.
  3360 | D:2      | Became a worshipper of Qazlal Stormbringer
  3584 | D:3      | Reached skill level 1 in Stealth
  3748 | D:3      | Reached XP level 5. HP: 28/37 MP: 2/10
  4454 | D:3      | Found an ancient bone altar of Kikubaaqudgha.
  4497 | D:3      | HP: 1/38 [bat skeleton (1)]
  4499 | D:3      | Slain by a vampire bat

Action                   |  1- 3 |  4- 6 || total
-------------------------+-------+-------++-------
Melee: Unarmed           |    78 |    13 ||    91
       Dagger            |    20 |    82 ||   102
 Cast: Beastly Appendage |    22 |     8 ||    30
       Sticks to Snakes  |     3 |    23 ||    26
  Use: Scroll            |     2 |     4 ||     6
       Potion            |       |     3 ||     3
 Stab: Sleeping          |       |     2 ||     2
  Eat: Chunk             |     6 |     7 ||    13
